AoeStats
← Gonza

Hideout

508131094Analyzed
1v1 RM · 11d ago on Sep 21, 2026· 48m 7s· 2 players
Game mode
Random Map
Map size
Tiny (2 player)
Population
200
Speed
Normal
Resources
Standard
Victory
Conquest
Starting age
Dark Age
Ending age
Imperial Age
RankedLock teamsTeams togetherTeam positionsShared explorationLock speedFull tech treeHidden civsTurbo modeCheats
Victory
Defeat
🇨🇴 Burgundians · Colombia
1145
+17
🇺🇸 Persians · United States
1160
-17
Gonza
4:59 Double-Bit Axe
7:32 Horse Collar
8:49 Loom
11:16 Feudal Age
13:34 Wheelbarrow
16:38 Castle Age
14:56 Bow Saw
16:35 Heavy Plow
19:57 Two-Man Saw
18:46 Light Cavalry
20:43 Town Watch
22:30 Cavalier
23:58 Fervor
24:32 Hand Cart
25:53 Scale Barding Armor
29:41 Chain Barding Armor
29:32 Forging
29:32 Gold Mining
29:33 Stone Mining
32:49 Imperial Age
31:25 Crop Rotation
31:16 Husbandry
32:18 Iron Casting
33:27 Fortified Wall
33:57 Conscription
34:21 Plate Barding Armor
33:10 Paladin
35:11 Blast Furnace
35:47 Stone Shaft Mining
35:47 Gold Shaft Mining
35:53 Gold Shaft Mining
37:07 Chemistry
36:43 Fletching
36:54 Padded Archer Armor
38:00 Bodkin Arrow
38:27 Ballistics
39:19 Bracer
39:35 Leather Archer Armor
39:11 Treadmill Crane
38:56 Elite Skirmisher
40:08 Pikeman
40:49 Squires
41:26 Masonry
42:25 Halberdier
43:50 Burgundian Vineyards
44:22 Hoardings
43:54 Hussar
45:14 Scale Mail Armor
tg28101
3:15 Loom
9:04 Feudal Age
9:24 Double-Bit Axe
18:38 Castle Age
16:42 Horse Collar
17:48 Gold Mining
18:46 Wheelbarrow
19:21 Scale Mail Armor
19:17 Fletching
20:05 Heavy Plow
25:38 Kamandaran
25:41 Stone Mining
26:09 Bodkin Arrow
26:39 Bow Saw
26:33 Crossbowman
27:36 Ballistics
28:08 Hand Cart
28:48 Padded Archer Armor
29:19 Light Cavalry
30:09 Bloodlines
30:46 Leather Archer Armor
31:31 Forging
31:27 Scale Barding Armor
31:40 Thumb Ring
35:05 Imperial Age
32:39 Town Watch
33:40 Chain Mail Armor
32:48 Pikeman
33:13 Gambesons
33:34 Squires
34:18 Town Patrol
35:56 Iron Casting
35:24 Husbandry
35:47 Halberdier
37:00 Plate Mail Armor
38:24 Ring Archer Armor
38:55 Blast Furnace
38:45 Conscription
45:25 Chain Barding Armor
44:26 Hussar
Connection lost

Rejoining the realm…

Still unreachable

The connection could not be restored.

Session expired

The server has moved on; the page needs a fresh start.